 Dungeon Crawl Stone Soup version 0.31.0-11-ge490571c62 (webtiles) character file.

Game seed: 4931132339441516437

95 Killerpretzel the Changeling (level 4, -5/29 HPs)
             Began as an Octopode Shapeshifter on Feb 10, 2024.
             Shot with an arrow by a centaur (12 damage)
             ... on level 4 of the Dungeon.
             The game lasted 00:05:54 (2669 turns).

Killerpretzel the Changeling (OpSh)                 Turns: 2669, Time: 00:05:54

Health: -5/29      AC:  1    Str: 13    XL:     4   Next: 65%
Magic:  4/4        EV: 13    Int: 12    God:
Gold:   256        SH:  0    Dex: 13    Spells: 3/3 levels left

rFire   . .          .
                       - Unarmed
rCold   . . .        (no shield)
rNeg    . . .        (helmet currently unavailable)
rPois   .            (no amulet)
rElec   .            (no ring)
rCorr   .            (no ring)
SInv    .            (no ring)
Will    .....        (no ring)
Stlth   ++           (no ring)
HPRegen 0.24/turn    (no ring)
MPRegen 0.09/turn    (no ring)
                     (no ring)

%: no passive effects
@: beast-form
A: beast (slay +2), almost no armour, amphibious, 8 rings, camouflage 1,
gelatinous body 1, (nimble swimmer 1), tentacles
a: Begin Untransformation


You were on level 4 of the Dungeon.
You were a hulking beast.
You visited 2 branches of the dungeon, and saw 5 of its levels.

You collected 256 gold pieces.

Inventory:

Jewellery
 i - a ring of flight
Talismans
 b - a beast talisman
 c - a flux talisman
Scrolls
 g - a scroll of noise
 h - 2 scrolls of identify {unknown}
 l - a scroll of poison
Potions
 a - a potion of lignification
 d - a potion of enlightenment {unknown}
 e - a potion of attraction {unknown}
 f - a potion of curing
 j - 2 potions of might {unknown}
 k - a potion of invisibility {unknown}


   Skills:
 + Level 2.0 Fighting
 + Level 2.7 Dodging
 + Level 3.5 Unarmed Combat
 * Level 3.8 Shapeshifting


You had 3 spell levels left.
You didn't know any spells.
Your spell library contained the following spells:

 Spells                   Type           Power      Damage    Failure   Level
 Lesser Beckoning         Tloc           0%         N/A       45%         2
 Gell's Gravitas          Tloc           0%         N/A       69%         3
 Inner Flame              Hex/Fire       0%         N/A       69%         3
 Teleport Other           Tloc           0%         N/A       69%         3
 Flame Wave               Conj/Fire      0%         2d4       97%         4
 Sticky Flame             Fire/Alch      0%         2d4       97%         4


Dungeon Overview and Level Annotations

Branches:
Dungeon (4/15)             Temple (1/1) D:4

Altars:
Ashenzari
Cheibriados
Dithmenos
Fedhas
Kikubaaqudgha
Nemelex Xobeh
Okawaru
Qazlal
Sif Muna
Xom
Yredelemnul
Zin
The Shining One

Shops:
D:3 [

Annotations:
Temple 2 transporters


Innate Abilities, Weirdness & Mutations

You are a hulking beast.
Your limbs bulge with bestial killing power. (Slay +2)
You cannot wear most types of armour.
You are amphibious.
You can wear up to eight rings at the same time.
Your skin changes colour to match your surroundings (Stealth+).
Your rubbery body absorbs attacks. (AC +1, EV +1)
((You are camouflaged when in or above water. (Stealth+)))
You have tentacles for arms and can constrict up to eight enemies at once.


Message History

No target in view!
No target in view!
Done exploring.
You climb downwards.
There is a stone staircase leading up here.
No target in view!
No target in view!
No target in view!
No target in view!
No target in view!
No target in view!
No target in view!
No target in view!
No target in view!
No target in view!
A quokka comes into view.
A centaur comes into view.
The centaur shouts!
The quokka bites you.
A centaur comes into view.
You bludgeon the quokka!
You kill the quokka!
The centaur wields a +0 shortbow.
The centaur shoots an arrow.
The arrow hits you.
You are too injured to fight recklessly!
You are too injured to fight recklessly!
You are too injured to fight recklessly!
You are too injured to fight recklessly!
You are too injured to fight recklessly!
You are too injured to fight recklessly!
There are monsters nearby!
The air fills with toxic fumes!
As you read the scroll of poison, it crumbles to dust.
The centaur shoots an arrow.
The arrow hits you!
It was a potion of curing.
You feel better.
The centaur shoots an arrow.
The arrow hits you!
The centaur shoots an arrow.
The arrow barely misses you.
The centaur shoots an arrow.
The arrow hits you.
* * * LOW HITPOINT WARNING * * *
The centaur shoots an arrow.
The arrow hits you!
You die...

.# .# .# .# ##.#
###### ##..#
#§§§§§#
###§§###§§§§§§§
##§§§§§§§§§§#
#§§§§§§§h§§##
#§§§§§§§§§§#
###§########§§c#
.######...#
§#§c§#
........### #
§§§ ####.##.# §#
.....<#.# §
......#.#
......#.#


You could see 2 centaurs.

Vanquished Creatures
  4 adders
  2 ribbon worms
  An orc (D:3)
  2 bats
  2 endoplasms
  A giant cockroach (D:1)
  5 goblins
  6 hobgoblins
  4 quokkas
  5 ball pythons
  8 frilled lizards
  8 kobolds
  2 rats (D:3)
50 creatures vanquished.

Notes
Turn   | Place    | Note
-------+----------+-------------------------------------------
     0 | D:1      | Killerpretzel the Octopode Shapeshifter began the quest for
                  | the Orb.
     0 | D:1      | Reached XP level 1. HP: 13/13 MP: 1/1
    44 | D:1      | Found a faded altar of an unknown god.
   149 | D:1      | Reached XP level 2. HP: 18/18 MP: 2/2
   167 | D:1      | You fall into a shaft and drop 1 floor!
   298 | D:2      | Reached XP level 3. HP: 23/23 MP: 3/3
   845 | D:1      | Reached XP level 4. HP: 29/29 MP: 4/4
  1542 | D:3      | Found a snail-covered altar of Cheibriados.
  1627 | D:3      | Found Cuirr's Armour Emporium.
  1996 | D:3      | Found an ancient bone altar of Kikubaaqudgha.
  2526 | D:4      | Found a staircase to the Ecumenical Temple.
  2536 | Temple   | Found a transporter.
  2536 | Temple   | Found a transporter.
  2536 | Temple   | Found a transporter.
  2536 | Temple   | Found a transporter.
  2536 | Temple   | Entered the Ecumenical Temple
  2663 | D:4      | Noticed a centaur
  2664 | D:4      | Noticed a centaur
  2669 | D:4      | Shot with an arrow by a centaur

Illustrated notes

Levels and vault maps discovered:
D:1:      dpeg_arrival_rhombus, layout_loops_ring,
          shapermc_ecumenical_altar_pompeii
D:2:      layout_loops_ring, nicolae_figureground_pulse
D:3:      layout_loops_ring, mainiacjoe_overflow_alcove_4,
          mainiacjoe_overflow_concentric_impassable, serial_shops, shop,
          kennysheep_small_spiral, grunt_decor_clamped
D:4:      layout_basic, minmay_temple_entry_purple_smoke, serial_shops,
          nicolae_shop_real_fake_doors, minmay_misc_feat_five, st_stairs_6,
          minmay_manual_mares
Temple:   hellmonk_temple_divided_pantheon

Skill      XL: |  1  2  3  4 |
---------------+-------------+-----
Fighting       | 2 |  2.0
Dodging        | |  2.7
Unarmed Combat | |  3.5
Shapeshifting  | |  3.8

Action                     |  1- 3 |  4- 6 || total
---------------------------+-------+-------++-------
  Melee: Unarmed           |    50 |    40 ||    90
         Constrict         |    15 |    12 ||    27
         Tentacles         |    10 |     9 ||    19
    Use: Scroll            |     4 |     1 ||     5
         Potion            |       |     1 ||     1
   Stab: Sleeping          |     6 |     7 ||    13
 Armour: Skin              |    15 |    16 ||    31
  Dodge: Dodged            |    30 |    22 ||    52
